 Dungeon Crawl Stone Soup version 0.18.1-48-g4cf74bf (webtiles) character file.

9666 Krapule the Covert (level 11, -5/59 HPs)
             Began as a Vine Stalker Monk on Aug 1, 2016.
             Was an Elder of Cheibriados.
             Slain by a seven-headed hydra (7 damage)
             ... on level 3 of the Lair of Beasts.
             The game lasted 00:55:59 (9647 turns).

Krapule the Covert (Vine Stalker Monk)              Turns: 9647, Time: 00:56:02

Health: -5/59      AC: 11    Str: 23    XL:     11   Next: 50%
Magic:  0/15       EV: 19    Int: 19    God:    Cheibriados [****..]
Gold:   557        SH: 16    Dex: 29    Spells: 0 memorised, 10 levels left

rFire  . . .     SeeInvis .       - Unarmed
rCold  . . .     Gourm    .     u - +2 robe {MR+}
rNeg   . . .     Faith    .     v - +0 shield
rPois  +         Spirit   +     c - +2 helmet
rElec  .         Dismiss  .     G - +0 cloak
rCorr  .         Reflect  +     (no gloves)
SustAt .         Harm     .     r - +2 pair of boots
MR     ++...                    A - +4 amulet of reflection
Stlth  ++++++....               y - ring of stealth
                                L - ring of poison resistance

@: very slow, very resistant to hostile enchantments, very stealthy
A: fangs 3, regeneration 2, magic shield, antimagic bite, no device heal 3, rot
immunity
a: Bend Time, Temporal Distortion, Slouch, Renounce Religion


You were on level 3 of the Lair of Beasts.
You worshipped Cheibriados.
Cheibriados was greatly pleased with you.
You were hungry.

You visited 3 branches of the dungeon, and saw 13 of its levels.

You collected 557 gold pieces.

Inventory:

Missiles
 B - 4 throwing nets (quivered)
Armour
 c - a +2 helmet (worn)
 r - a +2 pair of boots (worn)
 u - a +2 robe of magic resistance (worn)
 v - a +0 shield (worn)
 G - a +0 cloak (worn)
Jewellery
 h - an uncursed ring of wizardry
 j - an uncursed amulet of rage
 l - an uncursed ring of protection from magic
 y - a ring of stealth (right hand)
 A - a +4 amulet of reflection (around neck)
 L - a ring of poison resistance (left hand)
 T - an uncursed ring of resist corrosion
Wands
 C - a wand of polymorph (1/24)
 I - a wand of slowing (11/48)
 K - a wand of disintegration (14/24)
 O - a wand of disintegration (10/24)
 P - a wand of iceblast (1/15)
 U - a wand of paralysis (1/24)
Scrolls
 a - 5 scrolls of remove curse
 d - 2 scrolls of blinking
 g - a scroll of enchant weapon {unknown}
 i - a scroll of fog
 m - a scroll of vulnerability {unknown}
 q - a scroll of identify
 w - 2 scrolls of noise {unknown}
 D - 3 scrolls of teleportation
 E - a scroll of recharging {unknown}
 H - a scroll of fear {unknown}
 Q - 2 scrolls of immolation {unknown}
Potions
 e - a potion of heal wounds
 f - a potion of berserk rage
 k - a potion of haste
 n - a potion of cancellation
 o - 4 potions of curing
 s - 3 potions of ambrosia
 t - 2 potions of brilliance
 x - 2 potions of agility
 z - 2 potions of mutation
 J - a potion of cure mutation
 M - a potion of might
 N - 2 potions of flight
Books
 R - a book of Changes

   Spells                             Type                      Level
   a - Beastly Appendage              Transmutation                1
   b - Sticks to Snakes               Transmutation                2
   c - Spider Form                    Transmutation/Poison         3
   d - Ice Form                       Ice/Transmutation            4
   e - Blade Hands                    Transmutation                5
 S - a book of Misfortune

   Spells                             Type                      Level
   a - Confusing Touch                Hexes                        2
   b - Confuse                        Hexes                        3
   c - Gell's Gravitas                Hexes/Translocation          3
   d - Petrify                        Transmutation/Earth          4
   e - Metabolic Englaciation         Hexes/Ice                    5
   f - Yara's Violent Unravelling     Hexes/Transmutation          5
Comestibles
 b - 5 bread rations
 p - 24 fruits
 F - 4 meat rations


   Skills:
 + Level 7.6 Fighting
 - Level 1.0 Armour
 + Level 7.0 Dodging
 + Level 10.2 Stealth
 + Level 6.8 Shields
 + Level 8.7 Unarmed Combat
 + Level 4.0 Invocations


You had 10 spell levels left.
You didn't know any spells.

Dungeon Overview and Level Annotations

Branches:
Dungeon (9/15)             Temple (1/1) D:4            Lair (3/8) D:8
  Swamp: Lair:3-6    Shoals: Lair:3-6     Snake: Lair:3-6    Spider: Lair:3-6
    Orc: D:9-12

Altars:
Ashenzari
Cheibriados
Dithmenos
Elyvilon
Fedhas
Gozag
Kikubaaqudgha
Makhleb
Nemelex Xobeh
Okawaru
Pakellas
Qazlal
Ru
Sif Muna
Trog
Vehumet
Xom
Yredelemnul
Zin
The Shining One

Shops:
D:4 =   D:8 %


Innate Abilities, Weirdness & Mutations

You have razor-sharp teeth.
You heal very quickly.
When hurt, damage is shared between your health and your magic reserves.
Your bite disrupts and absorbs the magic of your enemies.
Potions and wands cannot restore your health.
You are immune to rotting.


Message History

You block the seven-headed hydra's attack.
The seven-headed hydra bites you.
* * * LOW HITPOINT WARNING * * *
You warp the flow of time around you!
You feel somewhat more hungry.
You are feeling hungry.
The seven-headed hydra is no longer moving slowly.
The seven-headed hydra bites you but does no damage.
The seven-headed hydra bites you.
The seven-headed hydra closely misses you.
You block the seven-headed hydra's attack. x4
The seven-headed hydra bites you.
* * * LOW HITPOINT WARNING * * *
You block the seven-headed hydra's attack.
The seven-headed hydra bites you.
* * * LOW HITPOINT WARNING * * *
The seven-headed hydra barely misses you.
The seven-headed hydra bites you!
* * * LOW HITPOINT WARNING * * *
The seven-headed hydra bites you!
You die...

####...###.#.
###.##...##.....#.
..........#.......
#######..###......
#..##†........####
.P... #...>#####
#..##D##...##
#....# #...
##.#...## ##...##
#.# ##.#...#
#...## # #....##
#####.#


You could see a seven-headed hydra.

Vanquished Creatures
  Urug (Lair:2)
  Pikel (D:4)
  A spiny frog (Lair:3)
  A komodo dragon (Lair:1)
  A troll (D:9)
  The ghost of hadoken the Conjurer, an amateur HECj (D:5)
  A wyvern (D:8)
  Eustachio (D:6)
  9 yaks (Lair:2)
  3 hippogriffs
  A basilisk (Lair:1)
  A warg (D:9)
  The ghost of Krapule the Ruffian, an amateur VSMo of Cheibriados (D:4)
  Duvessa (D:4)
  A water moccasin (Lair:1)
  3 porcupines
  An ice beast (D:8)
  4 orc warriors
  2 phantoms (D:5)
  2 black bears (D:7)
  A necrophage (D:7)
  4 slaves (D:4)
  5 ogres
  2 wolves (Lair:3)
  A centaur (D:4)
  5 crocodiles
  Blork the orc (D:4)
  A big kobold (D:7)
  6 giant frogs
  Dowan (D:4)
  2 scorpions
  5 wights (D:9)
  11 howler monkeys
  2 crimson imps (D:8)
  A wasp zombie (D:5)
  2 giant frog zombies
  A quasit (D:7)
  4 orc priests
  6 hounds
  2 jellies
  3 giant frog skeletons
  2 gnoll shamans
  5 orc wizards
  2 iguanas
  8 worker ants
  A hound zombie (D:7)
  17 gnolls
  16 adders
  8 river rats
  A shadow imp (D:9)
  2 oozes
  2 adder skeletons
  3 worms
  5 dart slugs
  7 giant geckos
  24 orcs
  7 bats
  5 giant cockroaches
  11 goblins
  4 hobgoblins
  8 jackals
  2 quokkas
  8 ball pythons
  A ball python skeleton (D:5)
  2 giant gecko skeletons
  4 giant newts
  A jackal skeleton (D:4)
  A jackal zombie (D:5)
  12 kobolds
  5 rats
277 creatures vanquished.

Notes
Turn   | Place    | Note
--------------------------------------------------------------
     0 | D:1      | Krapule the Vine Stalker Monk began the quest for the Orb.
     0 | D:1      | Reached XP level 1. HP: 11/11 MP: 2/2
   138 | D:1      | Found a shattered altar of Ashenzari.
   150 | D:1      | Reached XP level 2. HP: 15/16 MP: 3/3
   567 | D:2      | Reached XP level 3. HP: 19/19 MP: 4/4
   595 | D:2      | Reached skill level 3 in Stealth
   774 | D:2      | Reached XP level 4. HP: 13/24 MP: 5/5
   833 | D:2      | Found a deep blue altar of Sif Muna.
  1223 | D:3      | Reached skill level 1 in Armour
  1298 | D:3      | Reached XP level 5. HP: 28/28 MP: 6/6
  1382 | D:3      | Found a sparkling altar of Nemelex Xobeh.
  1489 | D:4      | Noticed Krapule's ghost (amateur VSMo)
  1520 | D:4      | Noticed Dowan
  1594 | D:4      | Reached skill level 4 in Stealth
  1807 | D:4      | Gained mutation: You heal very quickly. [Vine Stalker growth]
  1807 | D:4      | Reached XP level 6. HP: 26/32 MP: 5/7
  1856 | D:4      | Reached skill level 1 in Shields
  1892 | D:4      | Noticed Blork the orc
  1905 | D:4      | Found Asing's Jewellery Shop.
  2109 | D:4      | Found a staircase to the Ecumenical Temple.
  2126 | D:4      | Noticed a slave
  2173 | D:4      | Killed a slave
  2184 | D:4      | Noticed Pikel
  2184 | D:4      | Noticed a slave
  2184 | D:4      | Noticed a slave
  2184 | D:4      | Noticed a slave
  2314 | D:4      | Reached skill level 5 in Unarmed Combat
  2328 | D:4      | Killed Blork the orc
  2328 | D:4      | Reached skill level 5 in Stealth
  2328 | D:4      | Reached XP level 7. HP: 37/37 MP: 6/8
  2333 | D:4      | Noticed Duvessa
  2352 | D:5      | Entered Level 5 of the Dungeon
  2369 | D:5      | Found Noozar's Distillery.
  2467 | Temple   | Entered the Ecumenical Temple
  2752 | D:3      | Found an oddly glowing altar of Pakellas.
  3084 | D:4      | Killed Krapule's ghost
  3165 | D:4      | Killed Duvessa
  3165 | D:4      | Reached skill level 6 in Stealth
  3165 | D:4      | Gained mutation: You have razor-sharp teeth. [Vine Stalker growth]
  3165 | D:4      | Reached XP level 8. HP: 42/42 MP: 9/9
  3177 | D:4      | Killed Dowan
  3520 | D:4      | Killed Pikel
  3520 | D:4      | Reached skill level 5 in Fighting
  3713 | D:5      | Reached skill level 7 in Stealth
  3848 | D:5      | Noticed hadoken's ghost (amateur HECj)
  3864 | D:5      | Killed hadoken's ghost
  3864 | D:5      | Reached XP level 9. HP: 47/47 MP: 10/10
  4101 | D:5      | Found an iron altar of Okawaru.
  4236 | D:6      | Reached skill level 5 in Dodging
  4752 | D:6      | Noticed Eustachio
  4769 | D:6      | Killed Eustachio
  5346 | D:7      | Reached skill level 8 in Stealth
  5356 | D:7      | Found a white marble altar of Elyvilon.
  5491 | D:7      | Found a sacrificial altar of Ru.
  5545 | D:7      | Found a bloodstained altar of Trog.
  5564 | D:7      | Reached skill level 5 in Shields
  6104 | D:8      | Found a staircase to the Lair.
  6115 | D:8      | Reached XP level 10. HP: 50/53 MP: 9/11
  6403 | D:8      | Found a blossoming altar of Fedhas.
  6635 | D:8      | Found Vepebb's Food Shop.
  6681 | D:8      | Found a radiant altar of Vehumet.
  6681 | D:8      | Found a shimmering altar of Xom.
  6682 | D:8      | Found an oddly glowing altar of Pakellas.
  7174 | D:8      | Reached skill level 9 in Stealth
  7497 | D:9      | Found a shadowy altar of Dithmenos.
  7512 | D:9      | Found a snail-covered altar of Cheibriados.
  7527 | D:9      | Became a worshipper of Cheibriados the Contemplative
  7527 | D:9      | Reached * piety under Cheibriados
  7527 | D:9      | Reached ** piety under Cheibriados
  7600 | D:9      | Reached skill level 1 in Invocations
  7742 | Lair:1   | Entered Level 1 of the Lair of Beasts
  7830 | Lair:1   | Reached *** piety under Cheibriados
  8020 | Lair:1   | Reached XP level 11. HP: 58/58 MP: 13/13
  9006 | Lair:2   | Reached **** piety under Cheibriados
  9013 | Lair:2   | Reached skill level 10 in Stealth
  9244 | Lair:2   | Noticed Urug
  9287 | Lair:2   | Killed Urug
  9625 | Lair:3   | Noticed a seven-headed hydra
  9647 | Lair:3   | HP: 2/59 [seven-headed hydra (11)]
  9647 | Lair:3   | Slain by a seven-headed hydra

Skill      XL: |  1  2  3  4  5  6  7  8  9 10 11 |
---------------+----------------------------------+-----
Stealth        | 3 4 5 6 7 8 9 10 | 10.2
Fighting       | 3 4 5 6 7 |  7.6
Dodging        | 3 4 5 6 7 |  7.0
Armour         | 1 |  1.0
Shields        | 1 2 4 5 6 |  6.8
Unarmed Combat | 5 6 7 8 |  8.7
Invocations    | 2 4 |  4.0

Action                   |  1- 3 |  4- 6 |  7- 9 | 10-12 || total
-------------------------+-------+-------+-------+-------++-------
Melee: Unarmed           |   104 |   276 |   408 |   442 ||  1230
       Bite              |    32 |    71 |   155 |   226 ||   484
       Punch             |     2 |     1 |       |       ||     3
Throw: Throwing net      |       |       |     2 |       ||     2
Invok: Bend Time         |       |       |       |     1 ||     1
       Temporal Distorti |       |       |       |     1 ||     1
 Abil: Evoke Berserk Rag |       |     1 |     6 |       ||     7
Evoke: Wand              |       |     3 |       |     9 ||    12
  Use: Scroll            |       |     8 |     6 |     6 ||    20
       Potion            |       |     1 |       |       ||     1
 Stab: Sleeping          |     7 |     5 |    16 |    13 ||    41
       Distracted        |       |       |     1 |     3 ||     4
       Paralysed         |       |       |     1 |       ||     1
  Eat: Chunk             |       |     4 |    12 |     9 ||    25
       Pizza             |       |     1 |       |       ||     1
       Meat ration       |       |       |     1 |       ||     1
Armor: Robe              |    21 |     3 |       |     8 ||    32
       Ring mail         |       |    97 |   110 |    84 ||   291
Dodge: Dodged            |    55 |   166 |   180 |   208 ||   609
Block: Buckler           |       |    37 |    74 |       ||   111
       Shield            |       |       |    71 |   363 ||   434
       Reflection        |       |       |       |     2 ||     2
